Map: [ESL] Tropical Sacrifice

Players

trigger

  • Race: Protoss Protoss
  • Spawn Location: 7:00

Nina - Winner!

  • Race: Protoss Protoss
  • Spawn Location: 1:00

Event: DreamHack SC2 Masters 2022 Atlanta (Online)

VOD

Have the link to the VOD?

Description

Time

  • Played on: Oct. 14, 2022, 3:28 p.m.
  • Length: 16:05

All games in this series

Show
View Real Time Build Order
Export as new Build Order

trigger Protoss 

Build Orders: Phoenix Opening 

Get SALT Encoding   

  12  0:00  Probe  
  13  0:12  Probe  
  14  0:20  Pylon  
  14  0:24  Probe  
  15  0:38  Probe (Chrono Boost)  
  15  0:39  Gateway  
  16  0:47  Probe (Chrono Boost)  
  16  0:48  Assimilator  
  17  0:52  Probe (Chrono Boost)  
  18  1:05  Probe (Chrono Boost)  
  18  1:06  Assimilator  
  18  1:07  Pylon  
  19  1:13  Probe (Chrono Boost)  
  20  1:19  Probe  
  21  1:29  Cybernetics Core  
  21  1:31  Probe  
  22  1:34  Zealot  
  24  1:43  Probe  
  25  1:55  Probe  
  26  2:05  Stargate  
  26  2:17  Nexus  
  26  2:21  Adept (Chrono Boost)  
  25  2:29  Probe  
  28  2:33  Pylon  
  28  2:48  Phoenix  
  28  2:49  Probe  
  31  2:56  Shield Battery  
  31  3:02  Probe  
  32  3:06  Shield Battery  
  32  3:12  Phoenix (Chrono Boost)  
  32  3:18  Probe  
  35  3:28  Stalker  
  35  3:30  Probe  
  38  3:36  Phoenix (Chrono Boost)  
  40  3:47  Probe  
  41  3:49  Shield Battery  
  41  3:51  Warp Gate  
  41  3:52  Probe  
  41  3:55  Phoenix (Chrono Boost)  
  42  4:00  Probe  
  45  4:04  Probe  
  46  4:12  Pylon  
  46  4:14  Twilight Council  
  46  4:20  Probe (Chrono Boost)  
  47  4:25  Probe (Chrono Boost)  
  47  4:26  Stalker  
  51  4:34  Probe (Chrono Boost)  
  51  4:35  Probe (Chrono Boost)  
  52  4:39  Probe (Chrono Boost)  
  52  4:42  Probe  
  53  4:49  Gateway, Blink (Chrono Boost)  
  53  4:51  Probe  
  53  4:56  Probe  
  55  5:07  Probe, Gateway  
  55  5:09  Robotics Facility  
  55  5:12  Pylon  
  55  5:18  Probe  
  55  5:20  Probe  
  55  5:30  Probe, Assimilator  
  56  5:36  Probe  
  56  5:39  Gateway  
  56  5:41  Stalker  
  59  5:42  Probe  
  59  5:48  Stalker  
  59  5:49  Probe  
  63  5:53  Nexus  
  63  5:58  Observer (Chrono Boost), Pylon  
  63  6:00  Probe  
  63  6:02  Probe  
  66  6:04  Stalker  
  66  6:08  Stalker  
  70  6:16  Probe x2  
  72  6:19  Stalker  
  72  6:21  Immortal (Chrono Boost)  
  78  6:33  Probe  
  77  6:42  Probe  
  77  6:46  Pylon  
  78  6:47  Forge  
  78  6:49  Shield Battery  
  78  6:52  Pylon  
  78  7:00  Observer  
  78  7:04  Probe (Chrono Boost)  
  78  7:05  Stalker x3  
  78  7:06  Protoss Ground Weapons Level 1 (Chrono Boost), Probe (Chrono Boost)  
  78  7:08  Probe (Chrono Boost)  
  87  7:12  Observer  
  87  7:15  Probe (Chrono Boost)  
  90  7:16  Probe (Chrono Boost)  
  90  7:18  Probe (Chrono Boost)  
  90  7:19  Probe (Chrono Boost)  
  90  7:21  Probe (Chrono Boost)  
  92  7:26  Nexus  
  92  7:28  Probe, Pylon  
  94  7:30  Probe  
  94  7:31  Stalker x2  
  94  7:34  Stalker  
  101  7:37  Probe  
  101  7:39  Pylon  
  101  7:40  Immortal, Probe  
  106  7:51  Probe  
  106  7:54  Shield Battery  
  106  7:55  Photon Cannon, Probe  
  106  7:56  Assimilator  
  108  7:59  Sentry x2  
  108  8:00  Stalker  
  108  8:02  Probe  
  108  8:05  Stalker  
  117  8:08  Probe  
  117  8:11  Assimilator  
  118  8:13  Pylon  
  118  8:19  Observer  
  118  8:20  Gateway, Probe  
  118  8:23  Gateway, Stalker  
  118  8:24  Stalker  
  120  8:36  Stalker x2  
  120  8:38  Probe (Chrono Boost)  
  120  8:39  Probe (Chrono Boost)  
  128  8:42  Probe (Chrono Boost)  
  128  8:44  Probe (Chrono Boost)  
  128  8:47  Stalker x2  
  128  8:48  Probe (Chrono Boost)  
  134  8:50  Probe (Chrono Boost), Pylon  
  134  8:53  Pylon  
  134  8:55  Gateway  
  134  9:00  Gateway  
  134  9:01  Gateway  
  134  9:04  Stalker x2  
  134  9:06  Protoss Ground Weapons Level 2 (Chrono Boost)  
  138  9:14  Stalker x2  
  138  9:16  Pylon  
  142  9:19  Stalker x2  
  142  9:34  Stalker x2  
  132  9:47  Stalker x4  
  132  9:50  Immortal  
  110  10:01  Stalker x2  
  110  10:02  Nexus  
  110  10:06  Shield Battery, Photon Cannon, Stalker x3  
  117  10:11  Stalker x3  
  123  10:15  Stalker  
  123  10:19  Probe x2  
  123  10:20  Charge  
  127  10:21  Observer  
  127  10:26  Stalker  
  127  10:27  Zealot  
  131  10:36  Zealot x2  
  131  10:37  Zealot x2  
  131  10:40  Observer  
  140  10:45  Zealot x3  
  146  10:51  Photon Cannon  
  146  10:53  Pylon  
  146  10:55  Pylon  
  146  11:01  Zealot x5  
  146  11:04  Robotics Bay  
  156  11:06  Assimilator  
  156  11:09  Observer  
  156  11:11  Assimilator, Stalker x3  
  163  11:14  Probe x4  
  167  11:19  Photon Cannon x2  
  167  11:22  Protoss Ground Weapons Level 3 (Chrono Boost)  
  167  11:27  Robotics Facility, Photon Cannon  
  167  11:42  Zealot x9  
  185  11:50  Gravitic Boosters (Chrono Boost)  
  184  11:58  Disruptor (Chrono Boost)  
  184  12:00  Photon Cannon  
  184  12:01  Photon Cannon  
  184  12:04  Photon Cannon  
  184  12:06  Photon Cannon  
  184  12:08  Zealot x3  
  184  12:10  Photon Cannon  
  184  12:11  Disruptor (Chrono Boost)  
  184  12:12  Photon Cannon  
  193  12:19  Assimilator  
  193  12:22  Assimilator  
  187  12:26  Zealot  
  187  12:27  Disruptor (Chrono Boost), Zealot x4  
  194  12:36  Photon Cannon  
  194  12:40  Photon Cannon  
  192  12:44  Disruptor  
  186  12:55  Zealot x4  
  194  13:01  Photon Cannon x2  
  194  13:03  Observer, Pylon  
  194  13:05  Photon Cannon  
  195  13:07  Photon Cannon  
  177  13:20  Disruptor  
  177  13:24  Disruptor  
  171  13:34  Zealot x9  
  148  13:54  Gateway  
  148  13:55  Stalker x5  
  148  13:56  Disruptor, Stalker x4  
  148  13:58  Gateway  
  148  14:00  Disruptor (Chrono Boost)  
  166  14:22  Stalker x4  
  166  14:23  Stalker x5  
  182  14:24  Dark Shrine  
  182  14:29  Disruptor (Chrono Boost)  
  180  14:36  Disruptor (Chrono Boost)  
  182  14:39  Observer  
  143  14:55  Disruptor (Chrono Boost), Zealot  
  143  14:56  Zealot x8  
  160  15:07  Assimilator  
  160  15:08  Disruptor (Chrono Boost)  
  160  15:20  Disruptor (Chrono Boost), Nexus  
  158  15:22  Zealot x9  
Show
View Real Time Build Order
Export as new Build Order

Nina Protoss - Winner!

Build Orders: Oracle Opening, Blink Stalkers 

Get SALT Encoding   

  12  0:00  Probe  
  13  0:12  Probe  
  14  0:18  Pylon  
  14  0:24  Probe  
  15  0:36  Probe (Chrono Boost)  
  15  0:38  Gateway  
  16  0:45  Probe (Chrono Boost)  
  16  0:49  Assimilator  
  17  0:51  Probe  
  18  1:03  Probe (Chrono Boost)  
  19  1:05  Assimilator  
  19  1:14  Probe (Chrono Boost)  
  20  1:18  Probe (Chrono Boost)  
  20  1:20  Pylon  
  21  1:26  Cybernetics Core  
  21  1:29  Probe  
  22  1:38  Zealot  
  24  1:42  Probe  
  25  1:54  Probe  
  26  2:06  Stargate  
  28  2:08  Probe  
  29  2:17  Warp Gate  
  27  2:25  Nexus  
  27  2:31  Stalker (Chrono Boost)  
  30  2:39  Pylon  
  30  2:43  Probe  
  30  2:56  Probe  
  30  2:57  Oracle  
  34  3:03  Stalker  
  36  3:11  Shield Battery  
  36  3:13  Probe  
  37  3:21  Twilight Council  
  37  3:28  Pylon  
  37  3:29  Probe  
  38  3:37  Probe  
  39  3:41  Probe  
  39  3:43  Gateway  
  38  3:49  Probe  
  38  3:54  Shield Battery, Probe (Chrono Boost)  
  40  3:58  Blink (Chrono Boost)  
  40  4:03  Probe (Chrono Boost)  
  42  4:12  Probe (Chrono Boost)  
  42  4:13  Probe (Chrono Boost), Stalker  
  45  4:19  Probe (Chrono Boost)  
  45  4:21  Probe (Chrono Boost)  
  47  4:29  Probe (Chrono Boost)  
  49  4:32  Probe (Chrono Boost)  
  49  4:36  Probe  
  49  4:37  Nexus  
  47  4:41  Probe  
  46  4:48  Probe  
  47  4:53  Probe  
  47  4:58  Stalker x2  
  47  4:59  Robotics Facility  
  49  5:02  Probe  
  49  5:06  Probe  
  51  5:11  Gateway  
  51  5:14  Probe  
  51  5:21  Stalker  
  51  5:25  Probe (Chrono Boost)  
  51  5:27  Stalker  
  57  5:30  Probe (Chrono Boost)  
  57  5:36  Forge  
  57  5:37  Probe (Chrono Boost), Assimilator  
  57  5:42  Gateway  
  59  5:45  Probe (Chrono Boost), Stalker  
  59  5:47  Probe (Chrono Boost)  
  59  5:49  Observer  
  64  5:52  Pylon  
  64  5:53  Probe (Chrono Boost)  
  64  5:55  Stalker  
  67  5:58  Probe x2 (Chrono Boost)  
  67  5:59  Probe (Chrono Boost)  
  67  6:03  Probe (Chrono Boost)  
  69  6:04  Probe  
  69  6:07  Stalker  
  69  6:08  Probe  
  69  6:10  Protoss Ground Weapons Level 1  
  74  6:16  Probe  
  74  6:17  Stalker  
  74  6:19  Probe  
  73  6:27  Probe  
  73  6:29  Probe  
  75  6:35  Probe  
  75  6:39  Probe  
  77  6:40  Stalker x2  
  77  6:41  Nexus, Observer (Chrono Boost)  
  77  6:42  Probe  
  77  6:45  Stalker  
  85  6:49  Pylon  
  85  6:50  Pylon  
  85  6:52  Pylon  
  85  6:56  Gateway  
  85  6:59  Gateway  
  85  7:04  Gateway  
  85  7:07  Photon Cannon  
  88  7:08  Probe x3  
  88  7:12  Stalker  
  90  7:16  Observer, Stalker  
  90  7:17  Stalker  
  90  7:20  Probe x2 (Chrono Boost)  
  98  7:24  Photon Cannon  
  98  7:26  Probe (Chrono Boost)  
  98  7:27  Charge  
  99  7:30  Probe (Chrono Boost)  
  99  7:32  Probe (Chrono Boost)  
  99  7:34  Probe (Chrono Boost)  
  99  7:35  Pylon  
  99  7:36  Pylon  
  101  7:38  Assimilator  
  101  7:40  Assimilator  
  100  7:46  Stalker  
  100  7:50  Probe  
  100  7:53  Probe  
  100  7:55  Pylon  
  100  7:56  Probe (Chrono Boost)  
  102  8:00  Probe (Chrono Boost)  
  102  8:02  Probe (Chrono Boost)  
  102  8:04  Stalker x4  
  112  8:10  Photon Cannon, Probe (Chrono Boost)  
  115  8:14  Probe (Chrono Boost)  
  115  8:15  Probe (Chrono Boost)  
  115  8:16  Probe (Chrono Boost)  
  116  8:21  Gateway  
  116  8:22  Gateway  
  116  8:23  Probe (Chrono Boost)  
  116  8:24  Protoss Ground Weapons Level 2  
  116  8:26  Probe (Chrono Boost)  
  119  8:28  Probe (Chrono Boost)  
  119  8:29  Probe (Chrono Boost)  
  119  8:32  Probe (Chrono Boost)  
  119  8:33  Warp Prism (Chrono Boost)  
  121  8:36  Dark Shrine  
  121  8:38  Probe  
  124  8:43  Zealot x3  
  124  8:48  Zealot x2  
  134  8:50  Probe  
  134  8:51  Pylon  
  134  8:55  Shield Battery, Pylon  
  135  8:57  Pylon  
  135  8:59  Zealot x2  
  139  9:08  Pylon  
  139  9:09  Pylon  
  139  9:10  Pylon  
  139  9:11  Assimilator  
  139  9:12  Stalker x2  
  139  9:13  Sentry  
  139  9:14  Zealot  
  147  9:17  Zealot x2  
  147  9:23  Zealot x3  
  149  9:36  Zealot x4  
  149  9:37  Zealot  
  148  9:38  Zealot x4  
  148  9:39  Zealot  
  148  9:43  Zealot x2  
  136  9:46  Probe  
  136  9:47  Zealot  
  121  9:55  Probe  
  121  9:56  Probe  
  121  9:57  Probe  
  114  10:01  Probe  
  115  10:08  Shadow Stride  
  115  10:10  Photon Cannon  
  115  10:12  Dark Templar x5  
  125  10:16  Nexus, Stalker  
  125  10:19  Pylon  
  127  10:22  Photon Cannon  
  127  10:27  Zealot x2, Pylon  
  131  10:32  Stalker  
  130  10:43  Observer  
  130  10:51  Protoss Ground Weapons Level 3 (Chrono Boost)  
  130  10:54  Probe x2  
  130  10:56  Shield Battery  
  132  10:57  Zealot x6  
  132  10:58  Zealot x2, Probe, Photon Cannon  
  132  10:59  Observer  
  132  11:02  Observer, Robotics Bay  
  132  11:03  Observer, Probe  
  150  11:06  Probe  
  150  11:09  Probe  
  150  11:10  Probe, Assimilator  
  153  11:14  Pylon  
  153  11:15  Pylon  
  153  11:18  Assimilator  
  153  11:19  Robotics Facility  
  153  11:23  Dark Templar x2  
  157  11:28  Zealot x3  
  157  11:29  Probe x2  
  157  11:31  Probe  
  157  11:32  Probe  
  167  11:36  Zealot x2  
  171  11:42  Pylon  
  171  11:43  Probe  
  171  11:44  Robotics Facility  
  171  11:45  Probe  
  172  11:48  Probe x2  
  172  11:49  Disruptor (Chrono Boost)  
  172  11:50  Photon Cannon  
  172  11:53  Photon Cannon  
  177  11:57  Zealot x2  
  181  12:06  Disruptor (Chrono Boost)  
  181  12:08  Photon Cannon  
  184  12:11  Zealot x4  
  192  12:16  Shield Battery  
  192  12:17  Zealot x3  
  199  12:25  Disruptor (Chrono Boost)  
  196  12:37  Observer  
  196  12:38  Zealot x2  
  196  12:41  Nexus  
  196  12:43  Disruptor (Chrono Boost)  
  196  12:44  Pylon  
  200  12:47  Stargate  
  200  12:50  Probe, Assimilator x2  
  200  12:53  Fleet Beacon  
  200  12:57  Pylon  
  200  13:00  Pylon  
  200  13:01  Protoss Air Weapons Level 1  
  200  13:09  Photon Cannon  
  200  13:12  Photon Cannon  
  200  13:13  Shield Battery  
  200  13:15  Photon Cannon x2  
  200  13:17  Zealot x2  
  200  13:19  Pylon  
  187  13:32  Zealot x4  
  195  13:40  Disruptor  
  171  13:42  Stalker x3  
  171  13:43  Stalker x2  
  171  13:44  Disruptor  
  171  13:45  Disruptor  
  179  13:51  Shield Battery, Probe  
  179  13:52  Carrier (Chrono Boost)  
  179  13:55  Photon Cannon  
  192  13:57  Photon Cannon  
  192  14:00  Photon Cannon  
  192  14:02  Carrier (Chrono Boost)  
  182  14:08  Dark Templar x3  
  184  14:13  Zealot x3  
  184  14:16  Disruptor  
  183  14:20  Disruptor  
  183  14:21  Probe  
  183  14:22  Stalker x2  
  183  14:23  Stargate  
  189  14:29  Shield Battery  
  189  14:30  Probe x2  
  187  14:32  Photon Cannon  
  187  14:35  Pylon  
  187  14:40  Zealot x5  
  185  14:47  Zealot x3  
  185  14:48  Zealot  
  185  14:52  Disruptor  
  193  14:58  Carrier  
  199  15:04  Probe  
  194  15:22  Dark Templar x2  
  194  15:25  Dark Templar  
  189  15:31  Zealot x4  
  189  15:32  Zealot x2  
Tags
 
Add a new tag
Caveats
  • Supply blocks, unpowered buildings, or Contaminate may cause inaccurate times.
  • Supply counts are checked every 10 seconds.